 Dungeon Crawl Stone Soup version 0.29.1-15-g9cfb28693d (webtiles) character file.

Game seed: 9090517021254247031

784 Kauriferous the Chopper (level 7, -22/62 HPs)
             Began as a Minotaur Fighter on Apr 7, 2023.
             Was a Follower of Okawaru.
             Engulfed by a cloud of freezing vapour (28 damage)
             ... on level 5 of the Dungeon.
             The game lasted 00:59:31 (6143 turns).

Kauriferous the Chopper (Minotaur Fighter)          Turns: 6143, Time: 00:59:32

Health: -22/62     AC: 11    Str: 22    XL:     7   Next: 55%
Magic:  6/6        EV:  7    Int:  5    God:    Okawaru [*.....]
Gold:   232        SH:  5    Dex: 10    Spells: 6/6 levels left

rFire   . . .      SeeInvis .   a - +1 war axe
rCold   . . .      Faith    .   c - +0 buckler
rNeg    . . .      Spirit   .   p - +0 chain mail
rPois   +          Reflect  .   (helmet restricted)
rElec   .          Harm     .   z - +0 cloak
rCorr   .          Rampage  .   (no gloves)
Will    .....                   (no boots)
Stlth   ..........              (no amulet)
HPRegen 0.20/turn               C - ring of poison resistance
MPRegen 0.10/turn               V - ring of wizardry

@: no status effects
A: horns 2, retaliatory headbutt
a: Renounce Religion, Heroism


You were on level 5 of the Dungeon.
You worshipped Okawaru.
Okawaru was aware of your devotion.
You visited 2 branches of the dungeon, and saw 8 of its levels.

You collected 232 gold pieces.

Inventory:

Hand Weapons
 a - a +1 war axe (weapon)
 d - a +0 spear
 e - a +0 dagger
 f - a +0 short sword
 h - a +0 trident
 i - a +0 club
 j - a +0 spear
 k - a +0 club
 m - a +0 dagger
 n - a +0 short sword
 q - a +0 dagger
 t - a +0 dagger
 v - a +0 sling
 y - a +2 quarterstaff of chaos
 A - a +0 hammer
 H - a +0 short sword
 O - a +0 war axe
Missiles
 o - 29 stones
 K - 5 poisoned darts (quivered)
Armour
 b - a +0 scale mail
 c - a +0 buckler (worn)
 g - a +0 robe
 p - a +0 chain mail (worn)
 w - a +0 robe
 z - a +0 cloak (worn)
 B - a +0 chain mail
 I - a +0 leather armour
 L - a +0 helmet
Jewellery
 C - a ring of poison resistance (left hand)
 F - a ring of fire
 V - a ring of wizardry (right hand)
Wands
 x - a wand of roots (8)
 P - a wand of paralysis (5)
 R - a wand of flame (19)
Scrolls
 r - 3 scrolls of teleportation
 s - a scroll of fog {unknown}
 D - a scroll of magic mapping
 J - a scroll of enchant armour {unknown}
 M - a scroll of blinking {unknown}
 S - a scroll of enchant weapon
 T - a scroll of torment {unknown}
Potions
 l - a potion of haste
 u - 2 potions of brilliance
 E - a potion of degeneration
 G - 2 potions of flight
 N - a potion of mutation {unknown}


   Skills:
 + Level 5.7 Fighting
 * Level 6.5 Axes
 + Level 5.8 Armour
 + Level 6.1 Shields


You had 6 spell levels left.
You didn't know any spells.
Your spell library contained the following spells:

 Spells                   Type           Power      Damage    Failure   Level
 Ensorcelled Hibernation  Hex/Ice        0%         N/A       95%         2
 Passwall                 Tmut/Erth      0%         N/A       95%         2
 Gell's Gravitas          Tloc           0%         N/A       99%         3
 Swiftness                Air            0%         N/A       99%         3
 Teleport Other           Tloc           0%         N/A       99%         3
 Blade Hands              Tmut           0%         N/A       100%        5
 Dispersal                Tloc           0%         N/A       100%        6
 Iron Shot                Conj/Erth      0%         9d1       100%        6
 Animate Armour           Summ/Erth      Unusable   N/A       N/A         4

Dungeon Overview and Level Annotations

Branches:
Dungeon (7/15)             Temple (1/1) D:4

Altars:
Cheibriados
Elyvilon
Fedhas
Gozag
Makhleb
Okawaru
Qazlal
Ru
Sif Muna
Uskayaw
Vehumet
Xom
Yredelemnul
Jiyva

Shops:
D:2 (   D:3 !*

Annotations:
D:4 1 runed translucent door, cdecastro's ghost, amateur MiFi


Innate Abilities, Weirdness & Mutations

You have a pair of horns on your head.
You reflexively headbutt those who attack you in melee.


Message History

There is an open door here.
You open the door.
There is an open door here.
There is a large open door here.
There is a large open door here.
There is a large open door here.
There is a large open door here.
There is an open door here.
There is an open door here.
There is an open door here.
As you open the door, it creaks loudly!
There is an open door here.
There is an open door, spattered with blood here.
There is an open door here.
Partly explored, can't reach some items.
You open the door.
Really walk into a travel-excluded area?
There is an open door here.
You remove your ring of fire.
V - a ring of wizardry (right hand)
You are engulfed in freezing vapours.
There is an open door here.
You start resting.
HP restored.
Really walk into a travel-excluded area?
There is an open door here.
You are engulfed in freezing vapours.
You are engulfed in freezing vapours.
You feel better.
You are engulfed in freezing vapours.
You feel better.
You are engulfed in freezing vapours.
* * * LOW HITPOINT WARNING * * *
You feel much better.
You are engulfed in freezing vapours.
You are engulfed in freezing vapours.
* * * LOW HITPOINT WARNING * * *
Aiming: Throw Flame
Press: ? - help, Shift-Dir - straight line
Okay, then.
You are engulfed in freezing vapours.
You die...

###### #.# ######....# #.#
.....#....#############.#########
.....'....'......................
.....#....#############..........
###..#....# ###########
....##....#######################
###.##....#######################
....##....###°°°@°°°°°°°...$)//!#
###.##....###°###################
#.##....###°°°°°°°°°°°..°○○☼..#
#.##########################'##
#.############.###.............
###..............# #.#######...##
.......#########.# #....# #...#
..#..#...).# #.###....########
..#..#####.### #...'....#...#


There were no monsters in sight!

Vanquished Creatures
  Sigmund (D:2)
  A steam dragon (D:5)
  A bullfrog (D:5)
  A scorpion (D:6)
  A necrophage (D:4)
  A hound (D:5)
  An orc priest (D:4)
  Crazy Yiuf (D:2)
  Ijyb (D:5)
  3 iguanas
  A gnoll (D:1)
  4 adders
  A shadow imp (D:5)
  An ufetubus (D:4)
  2 worms
  3 dart slugs
  4 orcs (D:4)
  2 endoplasms (D:1)
  5 giant cockroaches
  3 goblins
  4 hobgoblins
  2 jackals (D:5)
  8 kobolds
  3 quokkas
  3 ball pythons
  2 bats (D:1)
  2 frilled lizards
  3 rats
  A spectral hobgoblin (D:1)
66 creatures vanquished.

Vanquished Creatures (others)
  5 plants (D:2)
5 creatures vanquished.

Grand Total: 71 creatures vanquished

Notes
Turn   | Place    | Note
-------+----------+-------------------------------------------
     0 | D:1      | Kauriferous the Minotaur Fighter began the quest for the
                  | Orb.
     0 | D:1      | Reached XP level 1. HP: 19/19 MP: 0/0
   182 | D:1      | Found a faded altar of an unknown god.
   205 | D:1      | Reached XP level 2. HP: 23/27 MP: 1/1
   672 | D:1      | Reached XP level 3. HP: 33/33 MP: 2/2
  1285 | D:2      | Noticed Sigmund
  1416 | D:2      | Found a runed translucent door.
  1417 | D:2      | Noticed Crazy Yiuf
  1425 | D:2      | Killed Crazy Yiuf
  1849 | D:2      | Found Vaoryur's Antique Weapon Boutique.
  2243 | D:3      | Reached XP level 4. HP: 37/40 MP: 3/3
  2411 | D:3      | Found a snail-covered altar of Cheibriados.
  2538 | D:3      | Found Hiej's General Store.
  2729 | D:3      | Found Looz's Distillery.
  3078 | D:4      | Found a radiant altar of Vehumet.
  3164 | D:4      | Reached XP level 5. HP: 38/47 MP: 4/4
  3467 | D:4      | Reached skill level 5 in Shields
  3576 | D:4      | Found a staircase to the Ecumenical Temple.
  3586 | Temple   | Entered the Ecumenical Temple
  3717 | Temple   | Became a worshipper of Warmaster Okawaru
  4043 | D:4      | You fall into a shaft and drop 3 floors!
  4059 | D:6      | Reached XP level 6. HP: 52/55 MP: 5/5
  4119 | D:5      | Entered Level 5 of the Dungeon
  4127 | D:4      | Found a runed translucent door.
  4131 | D:4      | Noticed cdecastro's ghost (amateur MiFi)
  4556 | D:2      | Killed Sigmund
  4556 | D:2      | Reached * piety under Okawaru
  4557 | D:2      | Reached skill level 5 in Fighting
  4557 | D:2      | Reached skill level 5 in Axes
  4557 | D:2      | Reached skill level 5 in Armour
  5100 | D:5      | Noticed a steam dragon
  5111 | D:5      | Killed a steam dragon
  5112 | D:5      | Reached XP level 7. HP: 46/61 MP: 6/6
  5117 | D:5      | Noticed Ijyb
  5133 | D:5      | Killed Ijyb
  6143 | D:5      | Engulfed by a cloud of freezing vapour

Illustrated notes

Levels and vault maps discovered:
D:1:      ncdulo_watergridlock, layout_loops_ring,
          dreamdust_ecumenical_altar_drowned_temple
D:2:      layout_loops_cross, serial_shops, shop, serial_bayou_lagoon_a,
          uniq_sigmund, uniq_crazy_yiuf_cottage
D:3:      layout_loops_corners, mainiacjoe_overflow_small_starburst,
          serial_shops, shop, nicolae_shop_stone
D:4:      layout_cave_pools, nicolae_overflow_crystal_walls,
          minmay_temple_entry_statues_fountains, ebering_ghost_sewer_d
D:5:      lemuel_ice_spiral_2, layout_basic, uniq_ijyb
D:6:      layout_basic, mainiacjoe_overflow_concentric_impassable,
          mainiacjoe_overflow_paths, chequers_temple_overflow_minitemple,
          nicolae_kikubaaqudgha_miasma_corner, serial_shops, nicolae_shop_stone,
          grunt_ministairs_2
D:7:      layout_layer_cave, nemelex_xobeh_ov_fountains_minmay,
          mainiacjoe_overflow_cross_hatched, uniq_duvessa
Temple:   pf_slime_end_temple

Skill      XL: |  1  2  3  4  5  6  7 |
---------------+----------------------+-----
Shields        | 4 5 6 |  6.1
Armour         | 4 5 |  5.8
Fighting       | 4 5 |  5.7
Axes           | 3 4 5 6 |  6.5

Action                   |  1- 3 |  4- 6 |  7- 9 || total
-------------------------+-------+-------+-------++-------
Melee: War axe           |    56 |    72 |    31 ||   159
       Headbutt          |     4 |     7 |     7 ||    18
Evoke: Wand              |       |     1 |       ||     1
  Use: Potion            |     2 |       |     3 ||     5
       Scroll            |     2 |     6 |     1 ||     9
Armor: Scale mail        |    24 |       |       ||    24
       Chain mail        |     2 |    43 |    13 ||    58
Dodge: Dodged            |    20 |    25 |     6 ||    51
Block: Buckler           |     8 |    12 |     8 ||    28
